AoeStats
← yhsien

Arena

510510539Analyzed
1v1 RM · 2d ago on Oct 1, 2026· 22m 47s· 2 players
Game mode
Random Map
Map size
Tiny (2 player)
Population
200
Speed
Normal
Resources
Standard
Victory
Conquest
Starting age
Dark Age
Ending age
Imperial Age
RankedLock teamsTeams togetherTeam positionsShared explorationLock speedFull tech treeHidden civsTurbo modeCheats
Victory
Defeat
🇹🇼 Franks · Taiwan
1005
+14
🇮🇳 Magyars · India
970
-14
yhsien
10:32 Feudal Age
9:23 Loom
14:40 Castle Age
14:45 Double-Bit Axe
MD MEOWDULLA BILLUJI
7:13 Loom
10:24 Feudal Age
16:37 Castle Age
15:34 Double-Bit Axe
15:41 Gold Mining
16:06 Fletching
17:15 Bodkin Arrow
Connection lost

Rejoining the realm…

Still unreachable

The connection could not be restored.

Session expired

The server has moved on; the page needs a fresh start.